 Dungeon Crawl Stone Soup version 0.31-a0-750-gfe7b580527 (webtiles) character file.

Game seed: 6192806427309162659

32 Dittersdorf the Shield-Bearer (level 3, 0/24 HPs)
             Began as a Gargoyle Fighter on Sept 14, 2023.
             Slain by an orc wizard
             ... wielding a +0 dagger
              (4 damage)
             ... on level 3 of the Dungeon.
             The game lasted 00:01:26 (1471 turns).

Dittersdorf the Shield-Bearer (Gargoyle Fighter)    Turns: 1471, Time: 00:01:27

Health: 0/24       AC: 10    Str: 21    XL:     3   Next: 25%
Magic:  3/3        EV:  9    Int:  8    God:
Gold:   71         SH:  4    Dex:  9    Spells: 2/2 levels left

rFire   . . .        a - +0 flail
rCold   . . .        c - +0 buckler
rNeg    + . .        b - +0 scale mail
rPois   ∞            (no helmet)
rElec   +            (no cloak)
rCorr   .            (no gloves)
SInv    .            (no boots)
Will    .....        i - amulet of the acrobat Stlth
                     (no ring)
HPRegen 0.24/turn    (no ring)
MPRegen 0.08/turn

%: acrobat
@: no status effects
A: sickness immunity, AC +3, negative energy resistance 1, electricity
resistance, torment resistance 1, petrification resistance
a: no special abilities


You were on level 3 of the Dungeon.
You visited 1 branch of the dungeon, and saw 3 of its levels.

You collected 71 gold pieces.

Inventory:

Hand Weapons
 a - a +0 flail (weapon)
Armour
 b - a +0 scale mail (worn)
 c - a +0 buckler (worn)
Jewellery
 i - an amulet of the acrobat (around neck)
Scrolls
 j - 3 scrolls of identify {unknown}
Potions
 d - a potion of might
 e - a potion of curing {unknown}
 f - 2 potions of mutation {unknown}
 g - a potion of haste {unknown}
 h - a potion of degeneration {unknown}
 k - 2 potions of berserk rage {unknown}


   Skills:
 + Level 3.6 Fighting
 + Level 2.4 Maces & Flails
 + Level 3.6 Armour
 + Level 3.7 Shields


You had 2 spell levels left.
You didn't know any spells.
Your spell library contained the following spells:

 Spells                   Type           Power      Damage    Failure   Level
 Slow                     Hex            0%         N/A       82%         1
 Confusing Touch          Hex            0%         N/A       99%         3
 Sigil of Binding         Hex            0%         N/A       99%         3
 Vampiric Draining        Necr           0%         2d6       99%         3


Dungeon Overview and Level Annotations

Branches:
Dungeon (3/15)

Altars:


Innate Abilities, Weirdness & Mutations

You are immune to sickness and miasma.
Your stone body is resilient. (AC +3)
You are immune to poison.
You resist negative energy. (rN+)
You are resistant to electric shocks. (rElec)
You are resistant to unholy torment.
You are immune to petrification.


Message History

You miss something.
You hear some strange, mumbled words.
A magic dart appears from out of thin air!
The magic dart hits you.
You hear some strange, mumbled words.
Something tries to affect you, but you resist.
Something hits you.
You see here 9 gold pieces.
You closely miss something.
You hear some strange, mumbled words.
A magic dart appears from out of thin air!
The magic dart hits you but does no damage.
You completely miss something.
You hear some strange, mumbled words.
A puff of flame appears from out of thin air!
The puff of flame hits you. Something hits you but does no damage.
Something closely misses you. Something misses you.
You hear some strange, mumbled words.
A magic dart appears from out of thin air!
The magic dart hits you.
* * * LOW HITPOINT WARNING * * *
There is a stone staircase leading up here.
You hear some strange, mumbled words.
A magic dart appears from out of thin air!
The magic dart hits you.
* * * LOW HITPOINT WARNING * * *
In your confused state, you trip and fall back down the stairs.
* * * LOW HITPOINT WARNING * * *
Something hits you but does no damage.
You closely miss something. Something hits you but does no damage.
You completely miss something.
You feel less confused. Something hits you but does no damage.
You miss something. Something hits you but does no damage. Something hits you.
* * * LOW HITPOINT WARNING * * *
You hit something. Something hits you but does no damage.
You hit something but do no damage. Something hits you but does no damage.
You hit something. Something hits you.
You die...

##########
#......{.###..#.
#...$...@.......
#........###..#.
...?...........
.#
##............##
###........###
#.###.#.## #.
#.#.# #. .....


There were no monsters in sight!

Vanquished Creatures
  A gnoll (D:1)
  2 orcs (D:2)
  A giant cockroach (D:1)
  3 goblins
  2 hobgoblins
  A ball python (D:1)
  4 bats
  A frilled lizard (D:1)
  3 kobolds (D:1)
  5 rats
23 creatures vanquished.

Notes
Turn   | Place    | Note
-------+----------+-------------------------------------------
     0 | D:1      | Dittersdorf the Gargoyle Fighter began the quest for the
                  | Orb.
     0 | D:1      | Reached XP level 1. HP: 14/14 MP: 1/1
    11 | D:1      | Reached XP level 2. HP: 19/19 MP: 2/2
   295 | D:1      | Found a faded altar of an unknown god.
   819 | D:2      | Reached XP level 3. HP: 21/23 MP: 3/3
  1334 | D:3      | HP: 1/24 [orc wizard/puff of flame (10)]
  1341 | D:2      | HP: 1/24 [orc/+0 dagger (2)]
  1471 | D:3      | Slain by an orc wizard

Illustrated notes

Levels and vault maps discovered:
D:1:      dpeg_arrival_simpleton_a, layout_loops_ring,
          shapermc_ecumenical_altar_notcrosses
D:2:      layout_basic
D:3:      layout_rooms, nicolae_tso_besieged_by_evil, st_stairs_11

Action                     || total
---------------------------++-------
  Melee: Flail             ||    88
 Armour: Scale mail        ||    80
  Dodge: Dodged            ||    70
  Block: Buckler           ||    13

Table legend: (Time is in decaauts)
 A = Elapsed time spent in this place.
 B = Non-inter-level travel time spent in this place.
 C = Inter-level travel time spent in this place.
 D = Time resting spent in this place.
 E = Time spent auto-exploring this place.
 F = Levels seen in this place.
 G = Mean time per level.
                   A        B        C        D        E       F      G
               +--------+--------+--------+--------+--------+-----+--------+
         Total |   1501 |   1450 |     51 |     92 |   1124 |   3 |  500.3 |
       Dungeon |   1501 |   1450 |     51 |     92 |   1124 |   3 |  500.3 |
               +--------+--------+--------+--------+--------+-----+--------+

Top non-repeatable levels by time:
     D:2: 788 daAuts
     D:1: 663 daAuts
     D:3: 49 daAuts
